 Dungeon Crawl Stone Soup version 0.19-a0-675-gf8984cf (webtiles) character file.

110258 magipi the Grand Gadgeteer (level 16, -4/100 HPs)
             Began as a Gargoyle Artificer on June 15, 2016.
             Was the Champion of Pakellas.
             Slain by a salamander
             ... wielding a +0 trident
              (9 damage)
             ... on level 2 of the Snake Pit on June 16, 2016.
             The game lasted 03:19:27 (34419 turns).

magipi the Grand Gadgeteer (Gargoyle Artificer)    Turns: 34419, Time: 03:19:28

Health: -4/100     AC: 30    Str: 16    XL:     16   Next: 54%
Magic:  13/28      EV: 15    Int: 18    God:    Pakellas [******]
Gold:   1941       SH:  0    Dex: 15    Spells: 0 memorised, 15 levels left

rFire  . . .     SeeInvis +     a - +2 dagger (elec)
rCold  + . .     Gourm    .     N - +3 ring mail of the Fiend {rElec rC+ MR+ Int+4}
rNeg   + . .     Faith    .     (no shield)
rPois  ∞         Spirit   .     s - +1 helmet
rElec  +         Dismiss  .     t - +1 cloak
rCorr  .         Reflect  .     O - +1 pair of gloves
SustAt .         Harm     .     x - +1 pair of boots {Fly}
MR     +++..                    n - amulet of rage
Stlth  +++.......               m - ring of protection from magic
                                i - ring of see invisible

@: extremely resistant to hostile enchantments, fairly stealthy
A: big wings, negative energy resistance 1, electricity resistance, unbreathing,
petrification resistance, rot immunity, AC +11
a: Fly, Quick Charge, Device Surge, Supercharge, Renounce Religion, Evoke
Berserk Rage, Evoke Flight


You were on level 2 of the Snake Pit.
You worshipped Pakellas.
Pakellas was exalted by your worship.
You were not hungry.

You visited 6 branches of the dungeon, and saw 30 of its levels.
You also visited: Ice Cave.

You collected 3346 gold pieces.
You spent 1405 gold pieces at shops.

Notes
Turn   | Place    | Note
--------------------------------------------------------------
     0 | D:1      | magipi the Gargoyle Artificer began the quest for the Orb.
     0 | D:1      | Reached XP level 1. HP: 12/12 MP: 2/2
   259 | D:1      | Reached XP level 2. HP: 16/17 MP: 4/4
   261 | D:1      | Reached skill level 3 in Evocations
   514 | D:1      | Reached XP level 3. HP: 17/21 MP: 5/5
  1235 | D:2      | Found a shadowy altar of Dithmenos.
  1625 | D:2      | Reached XP level 4. HP: 20/27 MP: 6/6
  1802 | D:2      | Noticed Natasha
  1813 | D:2      | Killed Natasha
  1864 | D:2      | Noticed Natasha
  1870 | D:2      | Killed Natasha
  1870 | D:2      | Reached skill level 4 in Evocations
  1870 | D:2      | Reached XP level 5. HP: 4/32 MP: 6/8
  2291 | D:2      | Reached skill level 1 in Short Blades
  2477 | D:2      | Noticed Natasha
  2482 | D:2      | Killed Natasha
  2568 | D:3      | Noticed Sigmund
  2571 | D:3      | Killed Sigmund
  2571 | D:3      | Reached skill level 5 in Evocations
  2571 | D:3      | Reached XP level 6. HP: 37/37 MP: 9/9
  2574 | D:3      | Found a glowing silver altar of Zin.
  2597 | D:3      | Found a basalt altar of Yredelemnul.
  2599 | D:3      | Found a shadowy altar of Dithmenos.
  2706 | D:3      | Found a snail-covered altar of Cheibriados.
  3150 | D:4      | Found a sparkling altar of Nemelex Xobeh.
  3334 | D:4      | Reached XP level 7. HP: 39/41 MP: 9/11
  3977 | D:5      | Entered Level 5 of the Dungeon
  3981 | D:5      | Found a white marble altar of Elyvilon.
  4298 | D:5      | Reached skill level 6 in Evocations
  4464 | D:5      | Reached XP level 8. HP: 42/46 MP: 12/12
  4606 | D:5      | Reached skill level 5 in Short Blades
  5095 | D:5      | Reached skill level 7 in Evocations
  5145 | D:5      | Found a sacrificial altar of Ru.
  5838 | D:6      | Reached XP level 9. HP: 48/51 MP: 14/14
  5915 | D:6      | Noticed Grinder
  5951 | D:7      | Reached skill level 8 in Evocations
  6073 | D:7      | Found Toishrai's Antique Weapon Boutique.
  6149 | D:7      | Found an oddly glowing altar of Pakellas.
  6409 | D:7      | Found a staircase to the Ecumenical Temple.
  6414 | Temple   | Entered the Ecumenical Temple
  6461 | Temple   | Became a worshipper of Pakellas the Inventive
  7139 | D:7      | Got an ancient ring mail
  7197 | D:7      | Identified the +3 ring mail of the Fiend {rElec rC+ MR+ Int+4} (You took it off an orc on level 7 of the Dungeon)
  7642 | D:6      | Reached skill level 9 in Evocations
  7675 | D:6      | Reached * piety under Pakellas
  7675 | D:6      | Received a gift from Pakellas
  8051 | D:6      | Killed Grinder
  8051 | D:6      | Reached skill level 5 in Fighting
  8051 | D:6      | Reached XP level 10. HP: 46/59 MP: 15/17
  8200 | D:8      | Found an iron altar of Okawaru.
  8270 | D:8      | Noticed tstbtto's ghost (novice CeBe)
  8835 | D:9      | Found Zukunk's Food Shop.
  8880 | D:9      | Reached ** piety under Pakellas
  8880 | D:9      | Received a gift from Pakellas
  9018 | D:9      | Reached skill level 10 in Evocations
  9374 | D:9      | Found a staircase to the Orcish Mines.
  9562 | D:9      | Found a staircase to the Lair.
  9759 | D:9      | Reached *** piety under Pakellas
  9759 | D:9      | Received a gift from Pakellas
 10249 | Orc:1    | Entered Level 1 of the Orcish Mines
 10415 | D:7      | Bought a glowing demon whip for 435 gold pieces
 10418 | D:7      | Bought a runed demon whip for 435 gold pieces
 10617 | D:8      | Reached skill level 1 in Maces & Flails
 10684 | D:8      | Found a hazy altar of Hepliaklqana.
 10685 | D:8      | Found a hide-covered altar of Uskayaw.
 11487 | Lair:1   | Entered Level 1 of the Lair of Beasts
 11869 | Lair:1   | Reached skill level 1 in Armour
 11869 | Lair:1   | Reached XP level 11. HP: 50/67 MP: 19/19
 11878 | Lair:1   | Reached **** piety under Pakellas
 11878 | Lair:1   | Received a gift from Pakellas
 11894 | Lair:1   | Reached skill level 11 in Evocations
 12204 | Lair:1   | Noticed Urug
 12232 | Lair:1   | Killed Urug
 13048 | Lair:2   | Noticed a six-headed hydra
 13113 | Lair:3   | Noticed a lindwurm
 13120 | Lair:3   | Killed a lindwurm
 13356 | Lair:3   | Identified the Compendium of the Glacial Mountains
 13398 | Lair:3   | Reached skill level 5 in Armour
 13411 | Lair:3   | Found a staircase to the Snake Pit.
 13442 | Lair:3   | Reached ***** piety under Pakellas
 13442 | Lair:3   | Received a gift from Pakellas
 13579 | Lair:3   | Noticed a griffon
 13594 | Lair:3   | Killed a griffon
 14516 | Lair:4   | Reached skill level 5 in Dodging
 14516 | Lair:4   | Reached XP level 12. HP: 67/72 MP: 20/20
 14909 | Lair:4   | Reached skill level 12 in Evocations
 14973 | Lair:4   | Found a staircase to the Swamp.
 15447 | Lair:5   | Noticed Maud
 15447 | Lair:5   | Noticed a four-headed hydra
 15619 | Lair:5   | Killed a four-headed hydra
 15703 | Lair:5   | Killed a black mamba
 15946 | Lair:5   | Killed Maud
 16805 | Lair:6   | Entered Level 6 of the Lair of Beasts
 16979 | Lair:6   | Reached XP level 13. HP: 70/76 MP: 16/22
 17051 | Lair:6   | Found a viscous altar of Jiyva.
 17051 | Lair:6   | Found a staircase to the Slime Pits.
 17077 | Lair:6   | Reached ****** piety under Pakellas
 17103 | Lair:6   | Reached skill level 5 in Maces & Flails
 17103 | Lair:6   | Reached skill level 13 in Evocations
 18988 | Lair:2   | HP: 2/81 [komodo dragon (20)]
 19485 | Lair:2   | Gained mutation: Your large and strong wings let you fly indefinitely. [Gargoyle growth]
 19485 | Lair:2   | Reached XP level 14. HP: 87/87 MP: 12/24
 19791 | Orc:2    | Entered Level 2 of the Orcish Mines
 19827 | Orc:2    | Found a staircase to the Elven Halls.
 20007 | Orc:2    | Found Qacimp's General Store.
 20026 | Orc:2    | Bought a scroll of vulnerability for 105 gold pieces
 20051 | Orc:2    | Reached skill level 10 in Fighting
 21083 | Orc:2    | Found a roughly hewn altar of Beogh.
 21224 | Orc:2    | Found Umoaw's Magic Scroll Emporium.
 21224 | Orc:2    | Found Jeyn's Gadget Shop.
 21248 | Orc:2    | Reached skill level 14 in Evocations
 21271 | Orc:2    | Bought a wand of teleportation (1/9) for 255 gold pieces
 21287 | Orc:2    | Bought a scroll of silence for 105 gold pieces
 21380 | Orc:2    | Found Saato's Superlative Supplies.
 21638 | Orc:2    | Found Ikot's General Store.
 21638 | Orc:2    | Found Zex Xil's Book Emporium.
 21683 | Orc:2    | Bought a potion of heal wounds for 70 gold pieces
 21993 | Orc:1    | Found Curcheiwul's Jewellery Shop.
 22406 | D:10     | Entered Level 10 of the Dungeon
 22981 | D:10     | Found Xunocot's Armour Emporium.
 23828 | D:11     | Reached skill level 1 in Throwing
 24904 | D:12     | Noticed sudo's ghost (journeyman HEFi)
 25674 | D:13     | Found a frozen archway.
 25695 | IceCv    | Entered an ice cave
 25970 | IceCv    | Got an encrusted battleaxe
 26003 | IceCv    | Noticed a frost giant
 26183 | D:13     | Reached skill level 10 in Maces & Flails
 26274 | D:13     | Reached XP level 15. HP: 94/94 MP: 17/26
 26279 | D:13     | Found a gate to the Vaults.
 26643 | D:13     | Reached skill level 5 in Stealth
 27687 | D:14     | Reached skill level 5 in Throwing
 27962 | D:14     | Reached skill level 15 in Evocations
 29100 | D:15     | Entered Level 15 of the Dungeon
 29129 | D:15     | Found a portal to a secret trove of treasure.
 29644 | D:15     | Found a staircase to the Depths.
 29644 | D:15     | Noticed a frost giant
 29662 | D:15     | Killed a frost giant
 30349 | Swamp:1  | Entered Level 1 of the Swamp
 30979 | Swamp:2  | Noticed Kirke
 31011 | Swamp:2  | Killed Kirke
 31011 | Swamp:2  | Reached XP level 16. HP: 93/100 MP: 3/27
 31330 | Swamp:2  | Noticed Aizul
 31340 | Swamp:4  | Entered Level 4 of the Swamp
 31484 | Swamp:4  | HP: 5/100 [alligator[an alligator] (18)]
 32625 | Swamp:3  | Noticed Jorgrun
 32677 | Swamp:1  | Reached skill level 16 in Evocations
 32827 | Snake:1  | Entered Level 1 of the Snake Pit
 33695 | Snake:1  | Upgraded the game from 0.19-a0-659-g8260ecf to 0.19-a0-675-gf8984cf
 33923 | Snake:2  | Noticed a greater naga
 34100 | Snake:2  | Killed a greater naga
 34419 | Snake:2  | HP: 5/100 [salamander/trident (9)]
 34419 | Snake:2  | Slain by a salamander

Inventory:

Hand Weapons
 a - a +2 dagger of electrocution (weapon)
 b - a +3 demon whip of venom
 S - a +4 demon whip
 U - a +0 blowgun
Missiles
 e - 4 javelins (quivered)
 l - 4 throwing nets
 y - 13 curare-tipped needles
 J - 89 poisoned needles
Armour
 s - a +1 helmet (worn)
 t - a +1 cloak (worn)
 x - a +1 pair of boots of flying (worn)
 N - the +3 ring mail of the Fiend (worn) {rElec rC+ MR+ Int+4}
   (You took it off an orc on level 7 of the Dungeon)

   It affects your intelligence (+4).
   It protects you from cold.
   It insulates you from electricity.
   It affects your resistance to hostile enchantments.
 O - a +1 pair of gloves (worn)
Rods
 k - a +2 iron rod (12/12)
   (Pakellas gifted it to you on level 3 of the Lair of Beasts)
Jewellery
 c - an uncursed ring of protection from cold
 i - a ring of see invisible (left hand)
 m - a ring of protection from magic (right hand)
 n - an amulet of rage (around neck)
 R - an uncursed amulet of regeneration
Wands
 d - a wand of enslavement (4/24)
 p - a wand of disintegration (2/24)
 u - a wand of paralysis (8/24)
 z - a wand of polymorph (12/24)
 A - a wand of confusion (18/48)
 C - a wand of polymorph (9/24)
 F - a wand of iceblast (2/15)
 H - a wand of acid (0/15)
 P - a wand of teleportation (4/9)
 X - a wand of digging (15/24)
Scrolls
 g - a scroll of teleportation
 h - 10 scrolls of remove curse
 r - 3 scrolls of magic mapping
 v - 7 scrolls of identify
 I - 2 scrolls of fear
 T - a scroll of fog
 W - 2 scrolls of vulnerability
Potions
 j - 12 potions of curing
 o - 4 potions of haste
 B - 6 potions of resistance
 E - 8 potions of magic
 K - a potion of agility
 L - a potion of might
 M - 3 potions of cancellation
 Q - 4 potions of heal wounds
Miscellaneous
 w - a box of beasts
 D - a fan of gales
 G - a disc of storms
 V - a phial of floods
 Z - a lamp of fire
Comestibles
 f - 9 bread rations
 q - 10 meat rations


   Skills:
 - Level 11.0 Fighting
 - Level 8.0 Short Blades
 + Level 11.6 Maces & Flails
 - Level 8.2 Throwing
 - Level 8.3 Armour
 - Level 7.0 Dodging
 - Level 6.0 Stealth
 + Level 16.3 Evocations


You had 15 spell levels left.
You didn't know any spells.

Dungeon Overview and Level Annotations

Branches:
Dungeon (15/15)            Temple (1/1) D:7            Lair (6/6) D:9
  Swamp (4/4) Lair:4        Snake (2/4) Lair:3        Slime (0/5) Lair:6
    Orc (2/2) D:9             Elf (0/3) Orc:2        Vaults (0/5) D:13
 Depths (0/5) D:15

Altars:
Ashenzari
Cheibriados
Dithmenos
Elyvilon
Fedhas
Gozag
Hepliaklqana
Kikubaaqudgha
Makhleb
Nemelex Xobeh
Okawaru
Pakellas
Qazlal
Ru
Sif Muna
Trog
Uskayaw
Vehumet
Xom
Yredelemnul
Zin
The Shining One
Beogh
Jiyva

Shops:
D:7 (   D:9 %   D:10 [   Orc:1 =   Orc:2 :**?}*

Portals:
Trove: D:15 (give 8 potions of haste)

Annotations:
D:8 tstbtto's ghost, novice CeBe
D:12 sudo's ghost, journeyman HEFi
D:14 exclusions: ice statue and obsidian statue
Lair:1 exclusion: 2 doors
Swamp:2 Aizul
Swamp:3 Jorgrun


Innate Abilities, Weirdness & Mutations

You are resistant to torment.
Your stone body is resilient. (AC +11)
You are immune to poison.
Your large and strong wings let you fly indefinitely.
You resist negative energy. (rN+)
You are resistant to electric shocks. (rElec)
You can survive without breathing.
You are immune to petrification.
You are immune to rotting.

Vault maps used:
D:1:      minmay_arrival_split_and_join
D:2:      nicolae_dithmenos_shadow_blocks, uniq_natasha
D:3:      cheibriados_altar_1, grunt_temple_overflow_open, uniq_sigmund
D:4:      nemelex_xobeh_ov_fountains_minmay
D:5:      elyvilon_altar_4, first_bread, serial_undead, serial_undead_f,
          serial_undead_e, serial_undead_e, serial_undead_a,
          minmay_misc_feat_alley, nicolae_ru_the_path_less_chosen
D:6:      minmay_misc_feat_four_crosses, uniq_grinder
D:7:      minmay_temple_entry_nine_rooms, serial_shops, shop, the_bakery,
          grunt_pakellas_basics
D:8:      okawaru_metal_pillars_3, gammafunk_temple_overflow_statue
D:9:      lair_0_dummy, erik_orc_3, serial_shops, kennysheep_mini_moat,
          st_stairs_3, minmay_orc_keep
D:10:     serial_shops, shop, minmay_gold_behind_fungi
D:11:     dragon1_lemuel
D:12:     hangedman_decor_diamond_cutter
D:13:     erik_vaults_2, portal_ice_cave_entry_animals_and_master,
          kennysheep_small_circle
D:14:     minmay_separated_statues, spider_trap
D:15:     grunt_enter_depths_snipers, enter_trove_0,
          minmay_misc_feat_more_columns
Temple:   nicolae_temple_god_jail
Lair:1:   uniq_urug
Lair:2:   bobbens_dragon_lair_wall, infiniplex_staircase_pool_2
Lair:3:   minmay_snake_entry_guardpost_small, grunt_megastairs_5,
          infiniplex_staircase_pool, serial_bayou_shore_b
Lair:4:   swamp_mist_pool
Lair:5:   beast_lair_carwin_large_3, uniq_maud
Lair:6:   minmay_lair_end_frog_pond, slime_altar_1, hangedman_lair_generics_rect
Swamp:1:  evilmike_swamp_ruin_house_1
Swamp:2:  hangedman_swamp_lotus, uniq_aizul, uniq_kirke
Swamp:3:  evilmike_swamp_ruin_house_4, uniq_jorgrun
Swamp:4:  swamp_pestilence
Snake:2:  st_stairs_7, grunt_ministairs_12
Orc:1:    serial_shops, nicolae_shop_window_shopping
Orc:2:    st_orc_town, serial_shops, shop, nicolae_alphabet_shops
IceCv:    ice_cave_small_giant


Message History

The salamander misses you.
You hit the salamander.
There is a sudden explosion of sparks!
The salamander is heavily wounded.
You hit the salamander but do no damage.
The salamander is heavily wounded.
The salamander hits you with a halberd.
You are engulfed in flames!
You hit the salamander but do no damage.
The salamander is heavily wounded.
You hit the salamander but do no damage.
There is a sudden explosion of sparks!
The salamander is severely wounded.
The salamander hits you but does no damage.
You hit the salamander but do no damage.
The salamander is severely wounded.
You hit the salamander but do no damage.
There is a sudden explosion of sparks!
You kill the salamander!
Pakellas accepts your kill.
You feel your power returning.
You now have 1941 gold pieces (gained 22).
Things that are here:
a halberd; a salamander corpse Search for what [? for help]? fire Search for what [Enter for "fire", or ? for help]? jewe
Found a stone staircase leading up.
There is a stone staircase leading up here.
A shock serpent comes into view.
The shock serpent hisses angrily.
Evoke which item? (* to show all) (? for menu, Esc to quit)
Zapping:
u - a wand of paralysis (9/24)
Press: ? - help, Shift-Dir - straight line, f - shock serpent
Aim: a shock serpent (chance to defeat MR: 58%)
The shock serpent suddenly stops moving!
This wand has 8 charges left.
The helpless shock serpent fails to defend itself.
You skewer the shock serpent like a kebab!!!
The shock serpent is almost dead.
The shock serpent's electric aura discharges violently, shocking you!
The helpless shock serpent fails to defend itself.
You skewer the shock serpent like a kebab!!!
You kill the shock serpent!
Pakellas accepts your kill.
You see here a shock serpent corpse.
A naga comes into view. It is wielding a long sword.
The naga shouts!
The naga spits poison at you. The splash of poison misses you.
You hit the naga but do no damage.
There is a sudden explosion of sparks!
The naga is severely wounded.
The naga misses you. The naga grabs you. The naga constricts you.
You hit the naga but do no damage.
The naga is severely wounded.
You hit the naga.
The naga is almost dead.
The naga hits you but does no damage. The naga constricts you.
You hit the naga.
You kill the naga!
Pakellas accepts your kill.
You feel your power returning.
A salamander comes into view. It is wielding a trident.
The salamander hits you but does no damage.
The salamander closely misses you.
You hit the salamander but do no damage.
There is a sudden explosion of sparks!
The salamander is moderately wounded.
You barely miss the salamander.
The salamander is moderately wounded.
The salamander hits you with a trident!
You are engulfed in flames!
You hit the salamander.
The salamander is moderately wounded.
You barely miss the salamander.
The salamander is moderately wounded.
The salamander completely misses you.
You hit the salamander but do no damage.
There is a sudden explosion of sparks!
The salamander is heavily wounded.
You hit the salamander but do no damage.
The salamander is heavily wounded.
The salamander hits you with a trident!
You are engulfed in flames!
You hit the salamander but do no damage.
The salamander is heavily wounded.
You hit the salamander but do no damage.
The salamander is heavily wounded.
The salamander hits you but does no damage.
You completely miss the salamander.
The salamander is heavily wounded.
The salamander hits you with a trident!
You are engulfed in flames!
You hit the salamander but do no damage.
The salamander is heavily wounded.
You hit the salamander.
The salamander is severely wounded.
The salamander hits you with a trident.
* * * LOW HITPOINT WARNING * * *
You are engulfed in flames!
* * * LOW HITPOINT WARNING * * *
The salamander hits you from afar with a trident!
* * * LOW HITPOINT WARNING * * *
You are engulfed in flames!
You die...
Pakellas says: Time to find a new assistant...

#............)#.
#............#)#
#............##. ##
##..........###)
.#####.######......####.
........# ##..######..
.......N# #....#....#
........# ##.###.#####
.......@## ##.####.#
.........###.##....#
##.......##.#......###
.........##..........# #
###..................# #
#..................# #
##...#............## #
##.##............####
#.. #............#...


You could see a salamander.

Vanquished Creatures
  A greater naga (Snake:2)
  A frost giant (D:15)
  A fire dragon (D:11)
  11 hydras
  2 ice dragons (D:13)
  6 vault guards (D:13)
  3 naga warriors
  2 alligators
  An anaconda (Snake:1)
  4 centaur warriors
  A death knight (D:13)
  A queen ant (Lair:6)
  Urug (Lair:1)
  2 shock serpents (Snake:2)
  A skeletal warrior (D:13)
  3 unseen horrors
  A naga ritualist (Snake:1)
  A swamp dragon (Swamp:1)
  2 shambling mangroves
  A lindwurm (Lair:3)
  An orc knight (Orc:2)
  5 hill giants
  A phantasmal warrior (D:13)
  2 mana vipers (Snake:1)
  3 griffons
  4 ugly things
  A hornet (Swamp:4)
  A salamander (Snake:2)
  9 orc sorcerers (Orc:2)
  2 cyclopes
  4 elephants (Lair:5)
  5 naga magi
  11 black mambas
  16 spiny frogs
  A gargoyle (D:13)
  2 freezing wraiths
  7 komodo dragons
  2 swamp worm zombies (Swamp:4)
  A yaktaur (D:15)
  3 rime drakes
  A kobold demonologist (D:13)
  3 meliai (D:14)
  6 polar bears
  6 trolls
  Grinder (D:6)
  5 slime creatures
  3 two-headed ogres
  23 blink frogs
  A hornet zombie (D:14)
  7 bog bodies
  An alligator zombie (Swamp:4)
  Sigmund (D:3)
  39 yaks
  A wyvern (D:12)
  A shadow (D:12)
  A vampire (D:14)
  3 spriggans
  2 wraiths (D:9)
  4 basilisks
  7 hippogriffs
  A steam dragon (Lair:2)
  4 hungry ghosts
  5 wargs
  12 vampire mosquitoes
  11 swamp worms
  11 nagas
  A naga (shapeshifter) (D:15)
  16 water moccasins
  5 porcupines
  15 orc warriors
  2 black bears
  A necrophage (D:10)
  10 ice beasts
  4 sky beasts
  8 swamp drakes
  4 phantoms
  An eye of draining (D:15)
  4 wasps
  16 centaurs
  13 ogres
  19 wolves
  10 crocodiles
  5 big kobolds
  27 giant frogs
  3 scorpions
  A wyvern skeleton (D:9)
  15 killer bees
  3 jellies
  15 wights
  5 electric eels
  A howler monkey (D:6)
  6 crimson imps
  3 giant frog zombies
  A wasp zombie (D:8)
  A quasit (D:9)
  7 centaur zombies
  A gnoll shaman (D:8)
  16 orc priests
  4 hounds
  41 orc wizards
  4 centaur skeletons
  A giant frog skeleton (D:5)
  11 iguanas
  7 worker ants
  Natasha (thrice) (D:2)
  9 sheep
  A hound zombie (D:10)
  2 hound skeletons (D:5)
  A worker ant zombie (D:9)
  12 gnolls
  A howler monkey skeleton (D:11)
  11 adders
  44 river rats
  2 shadow imps (D:7)
  3 oozes
  An adder skeleton (D:5)
  An adder zombie (D:6)
  6 worms
  2 dart slugs
  7 giant geckos
  100 orcs
  5 giant cockroaches
  11 goblins
  10 hobgoblins
  7 jackals
  2 bats
  7 giant newts
  A jackal zombie (D:8)
  34 kobolds
  2 quokka skeletons (D:9)
  5 rats
  A fungus (Lair:5)
885 creatures vanquished.

Vanquished Creatures (collateral kills)
  Kirke (Swamp:2)
  Maud (Lair:5)
  A hydra (Lair:5)
  2 vault guards (D:13)
  A naga warrior (Snake:1)
  A centaur warrior (D:14)
  An alligator (Swamp:4)
  A hill giant (D:14)
  2 shambling mangroves
  A salamander (Snake:1)
  An ugly thing (D:13)
  A spiny frog (Swamp:2)
  A komodo dragon (Lair:1)
  A troll (D:11)
  A two-headed ogre (D:12)
  4 slime creatures (D:14)
  5 blink frogs
  3 giant leeches
  4 hogs (Swamp:2)
  A yak (Lair:1)
  A hippogriff (Lair:6)
  5 vampire mosquitoes
  2 nagas (Snake:1)
  4 water moccasins
  A swamp drake (Swamp:2)
  A porcupine (Lair:5)
  3 wasps
  An orc warrior (Orc:2)
  A centaur (D:14)
  3 crocodiles
  5 giant frogs
  A scorpion (D:12)
  2 electric eels (Lair:6)
  2 crimson imps (D:5)
  4 orc wizards
  An adder (D:5)
  9 river rats
  14 orcs
  A jackal zombie (D:5)
95 creatures vanquished.

Vanquished Creatures (others)
  A hydra (Swamp:2)
  An anaconda (Snake:1)
  A swamp dragon (Swamp:3)
  2 ugly things (D:14)
  A griffon (Lair:6)
  2 black mambas
  8 spiny frogs
  A swamp worm zombie (Swamp:4)
  A hydra zombie (Swamp:4)
  2 trolls (Orc:2)
  4 polar bears
  A blink frog (Lair:6)
  2 humans (Swamp:2)
  3 yaks
  A basilisk (D:14)
  3 vampire mosquitoes
  A water moccasin (Lair:5)
  A mottled dragon (D:11)
  An ogre (Orc:1)
  A crocodile (Lair:6)
  A scorpion (D:4)
  A gnoll (D:7)
  A goblin (D:2)
  A quokka (D:5)
  23 fungi
  53 plants
118 creatures vanquished.

Grand Total: 1098 creatures vanquished

Action                   |  1- 3 |  4- 6 |  7- 9 | 10-12 | 13-15 | 16-18 || total
-------------------------+-------+-------+-------+-------+-------+-------++-------
Melee: Short sword       |   123 |    23 |       |       |       |       ||   146
       Dagger            |       |   112 |   501 |  1130 |  2747 |   722 ||  5212
       Falchion          |       |       |    30 |       |       |       ||    30
       Demon whip        |       |       |       |     3 |   152 |       ||   155
 Fire: Blowgun           |       |       |       |       |     5 |       ||     5
Throw: Javelin           |       |       |       |       |     2 |       ||     2
Invok: Quick Charge      |       |       |       |     7 |    24 |     8 ||    39
 Abil: Evoke Berserk Rag |       |       |     1 |     2 |     1 |     1 ||     5
       Stop Flying       |       |       |       |       |     1 |       ||     1
       Fly               |       |       |       |       |     2 |     3 ||     5
Evoke: Wand              |    15 |    15 |     8 |    80 |   152 |    33 ||   303
       Box of beasts     |       |       |       |     2 |     1 |     1 ||     4
       Lamp of fire      |       |       |       |     1 |     5 |     1 ||     7
       Phial of floods   |       |       |       |       |     3 |     1 ||     4
       Fan of gales      |       |       |       |       |     1 |       ||     1
  Use: Scroll            |       |     3 |     9 |    16 |    12 |     2 ||    42
       Potion            |       |       |       |       |     5 |     2 ||     7
 Stab: Distracted        |       |       |       |       |     2 |     2 ||     4
       Confused          |       |       |       |       |    13 |       ||    13
       Invisible         |       |       |       |       |    10 |       ||    10
       Sleeping          |       |       |       |       |     7 |     1 ||     8
       Paralysed         |       |       |       |       |     2 |     3 ||     5
  Eat: Chunk             |     2 |     5 |    13 |    17 |    15 |     1 ||    53
       Beef jerky        |       |       |     1 |     2 |     1 |       ||     4
       Pizza             |       |       |     1 |     1 |     3 |     1 ||     6
       Royal jelly       |       |       |     1 |     1 |     1 |       ||     3
       Fruit             |       |       |       |     5 |     2 |       ||     7
       Bread ration      |       |       |       |     1 |     6 |     3 ||    10
       Meat ration       |       |       |       |       |     2 |       ||     2
Armor: Leather armour    |    38 |       |       |       |       |       ||    38
       Scale mail        |     3 |    53 |   181 |       |       |       ||   237
       Ring mail         |       |       |    49 |   402 |  1049 |   359 ||  1859
Dodge: Dodged            |    78 |    49 |   170 |   505 |  1480 |   344 ||  2626

Action                   |  1- 3 |  4- 6 |  7- 9 | 10-12 | 13-15 | 16-18 || total
-------------------------+-------+-------+-------+-------+-------+-------++-------
Melee: Short sword       |   123 |    23 |       |       |       |       ||   146
       Dagger            |       |   112 |   501 |  1130 |  2747 |   722 ||  5212
       Falchion          |       |       |    30 |       |       |       ||    30
       Demon whip        |       |       |       |     3 |   152 |       ||   155
 Fire: Blowgun           |       |       |       |       |     5 |       ||     5
Throw: Javelin           |       |       |       |       |     2 |       ||     2
Invok: Quick Charge      |       |       |       |     7 |    24 |     8 ||    39
 Abil: Evoke Berserk Rag |       |       |     1 |     2 |     1 |     1 ||     5
       Stop Flying       |       |       |       |       |     1 |       ||     1
       Fly               |       |       |       |       |     2 |     3 ||     5
Evoke: Wand              |    15 |    15 |     8 |    80 |   152 |    33 ||   303
       Box of beasts     |       |       |       |     2 |     1 |     1 ||     4
       Lamp of fire      |       |       |       |     1 |     5 |     1 ||     7
       Phial of floods   |       |       |       |       |     3 |     1 ||     4
       Fan of gales      |       |       |       |       |     1 |       ||     1
  Use: Scroll            |       |     3 |     9 |    16 |    12 |     2 ||    42
       Potion            |       |       |       |       |     5 |     2 ||     7
 Stab: Distracted        |       |       |       |       |     2 |     2 ||     4
       Confused          |       |       |       |       |    13 |       ||    13
       Invisible         |       |       |       |       |    10 |       ||    10
       Sleeping          |       |       |       |       |     7 |     1 ||     8
       Paralysed         |       |       |       |       |     2 |     3 ||     5
  Eat: Chunk             |     2 |     5 |    13 |    17 |    15 |     1 ||    53
       Beef jerky        |       |       |     1 |     2 |     1 |       ||     4
       Pizza             |       |       |     1 |     1 |     3 |     1 ||     6
       Royal jelly       |       |       |     1 |     1 |     1 |       ||     3
       Fruit             |       |       |       |     5 |     2 |       ||     7
       Bread ration      |       |       |       |     1 |     6 |     3 ||    10
       Meat ration       |       |       |       |       |     2 |       ||     2
Armor: Leather armour    |    38 |       |       |       |       |       ||    38
       Scale mail        |     3 |    53 |   181 |       |       |       ||   237
       Ring mail         |       |       |    49 |   402 |  1049 |   359 ||  1859
Dodge: Dodged            |    78 |    49 |   170 |   505 |  1480 |   344 ||  2626
